 Dungeon Crawl Stone Soup version 0.32-a0-120-gfac0567ad4 (webtiles) character file.

Game seed: 12389055546804707670

48 TheLasagnaBaron the Ruffian (level 3, -1/33 HPs)
             Began as a Ghoul Monk on Feb 6, 2024.
             Slain by Grinder (3 damage)
             ... while paralysed by Grinder
             ... on level 3 of the Dungeon.
             The game lasted 00:12:15 (560 turns).

TheLasagnaBaron the Ruffian (Ghoul Monk)             Turns: 560, Time: 00:12:16

Health: -1/33      AC:  2    Str: 14    XL:     3   Next: 72%
Magic:  3/3        EV:  2    Int:  9    God:
Gold:   55         SH:  0    Dex: 13    Spells: 2/2 levels left

rFire   . .          .
                       - Unarmed
rCold   + . .        c - orb {light}
rNeg    + + +        e - +0 robe
rPois   ∞            (no helmet)
rElec   .            (no cloak)
rCorr   .            (no gloves)
SInv    .            (no boots)
Will    +....        (no amulet)
Stlth   +            g - ring of willpower
HPRegen 0.00/turn    (no ring)
MPRegen 0.08/turn

%: no passive effects
@: paralysed, inhibited regen, glowing
A: claws 1, cold resistance 1, negative energy resistance 3, inhibited
regeneration, torment resistance 2, devour on kill
a: no special abilities


You were on level 3 of the Dungeon.
You visited 1 branch of the dungeon, and saw 3 of its levels.

You collected 55 gold pieces.

Inventory:

Hand Weapons
 h - a +0 club
 j - a +0 spear
 k - a +0 club
 l - a +0 sling
 m - a +0 short sword
Armour
 a - a +0 robe
 c - an orb of light (worn)
 e - a +0 robe (worn)
Jewellery
 g - a ring of willpower (left claw)
Scrolls
 f - 3 scrolls of identify {unknown}
Potions
 b - a potion of heal wounds {unknown}
 d - a potion of curing {unknown}


   Skills:
 + Level 3.9 Fighting
 + Level 3.1 Dodging
 + Level 4.1 Unarmed Combat


You had 2 spell levels left.
You didn't know any spells.
Your spell library was empty.

Dungeon Overview and Level Annotations

Branches:
Dungeon (3/15)

Altars:

Shops:
D:1 *:

Annotations:
D:3 Grinder


Innate Abilities, Weirdness & Mutations

You are immune to poison.
You have sharp fingernails.
Your flesh is cold resistant. (rC+)
You are immune to negative energy. (rN+++)
You do not regenerate when monsters are visible.
You are immune to unholy pain and torment.
You thrive by killing the living.


Message History

Terence is moderately wounded.
Terence barely misses you.
You bump into the rock wall.
You feel less invigorated.
You feel less confused. Terence closely misses you.
You claw Terence!
Terence is almost dead.
Terence hits you with a +0 falchion of freezing.
You barely miss Terence.
Terence is almost dead.
Terence closely misses you.
You scratch Terence.
You kill Terence!
Your Unarmed Combat skill increases to level 4!
WARNING: ABOUT TO ENTER EXPLORE MODE!
In explore mode, death is optional.
Once you set a character to explore mode, you can't switch back.
If you continue, your game will not be scored!
Do you really want to enter explore mode? (Confirm with "yes".)
Okay, then.
Attack: -) Claws
Press: ? - help, Dir - move target, f - Grinder
Aim: Grinder, carrying a wand of flame (haloed, about 22% to evade your claws)
You scratch Grinder.
Grinder is lightly wounded.
The orc hits you with a +0 hand axe.
Grinder blinks!
The orc attacks as it pursues you! The orc barely misses you.
You barely miss the orc. Grinder gestures at you.
You suddenly lose the ability to move!
The orc hits you with a +0 hand axe. The orc hits you with a +0 hand axe. x2
Grinder zaps a wand.
The puff of flame hits you.
* * * LOW HITPOINT WARNING * * *
The orc hits you with a +0 hand axe.
* * * LOW HITPOINT WARNING * * *
Grinder blinks!
The orc hits you with a +0 hand axe.
* * * LOW HITPOINT WARNING * * *
Grinder hits you.
You die...
Grinder says, "Now the real fun starts!"

###.#######.####.########
#.# #.# #.# #.# #.# #.#
#.# #####.####.### ####
#.# #............##....
#.# #.#.#....###.#... #.#
#.#.####.###..# #.# #.#.#
#5..§..# #.###.#.#
#.@##..###.#. #.....#.#
#..og........ #..####.#
#..##.####### ##.# #.#
#..#$o.# #.# #.......#
#.# #......... #.#
#........### #.#
.........## #.#
##.#..####


You could see Grinder, an orc and a goblin.

Vanquished Creatures
  Terence (D:3)
  An adder (D:2)
  2 endoplasms (D:1)
  3 giant cockroaches
  2 goblins (D:2)
  A hobgoblin (D:1)
  A quokka (D:3)
  A bat (D:3)
  3 kobolds
  A rat (D:2)
16 creatures vanquished.

Notes
Turn   | Place    | Note
-------+----------+-------------------------------------------
     0 | D:1      | TheLasagnaBaron the Ghoul Monk began the quest for the Orb.
     0 | D:1      | Reached XP level 1. HP: 19/19 MP: 1/1
   142 | D:1      | Reached XP level 2. HP: 26/26 MP: 2/2
   150 | D:1      | Found Plog's Book Shoppe.
   161 | D:1      | Found Xochib's General Store.
   413 | D:3      | Reached XP level 3. HP: 23/33 MP: 3/3
   532 | D:3      | Noticed Grinder
   533 | D:3      | Noticed Terence
   552 | D:3      | Killed Terence
   553 | D:3      | Reached skill level 4 in Unarmed Combat
   555 | D:3      | Paralysed by Grinder for 5 turns
   560 | D:3      | Slain by Grinder

Illustrated notes

Levels and vault maps discovered:
D:1:      amcnicky_arrival_wind_blow, layout_loops_ring, serial_shops,
          nicolae_shop_peninsula, shop, nicolae_lakefront_shop
D:2:      layout_rooms, hellmonk_ecumenical_altar_defaced_shrine
D:3:      layout_loops_ring, nicolae_ru_path_of_blood, jmf_multi_god_temple,
          chequers_serial_rivers_room_a, uniq_terence, uniq_grinder

Skill      XL: |  1  2  3 |
---------------+----------+-----
Dodging        | 3 |  3.1
Unarmed Combat | 4 |  4.1
Fighting       | |  3.9

Action                     || total
---------------------------++-------
  Melee: Unarmed           ||    49
         Spear             ||     3
    Use: Potion            ||     2
 Armour: Robe              ||    34
  Dodge: Dodged            ||    38

Table legend: (Time is in decaauts)
 A = Elapsed time spent in this place.
 B = Non-inter-level travel time spent in this place.
 C = Inter-level travel time spent in this place.
 D = Time resting spent in this place.
 E = Time spent auto-exploring this place.
 F = Levels seen in this place.
 G = Mean time per level.
                   A        B        C        D        E       F      G
               +--------+--------+--------+--------+--------+-----+--------+
         Total |    554 |    406 |    148 |      0 |    255 |   3 |  184.7 |
       Dungeon |    554 |    406 |    148 |      0 |    255 |   3 |  184.7 |
               +--------+--------+--------+--------+--------+-----+--------+

Top non-repeatable levels by time:
     D:1: 250 daAuts
     D:3: 166 daAuts
     D:2: 137 daAuts
